 Dungeon Crawl Stone Soup version 0.18.1-6-gd335043 (webtiles) character file.

66 manyhoops the Chopper (level 3, 0/46 HPs)
             Began as a Minotaur Gladiator on May 18, 2016.
             Succumbed to Crazy Yiuf's poison
             ... on level 2 of the Dungeon.
             The game lasted 00:01:47 (1038 turns).

manyhoops the Chopper (Minotaur Gladiator)          Turns: 1038, Time: 00:01:47

Health: 0/46       AC: 21    Str: 20    XL:     3   Next: 96%
Magic:  2/2        EV:  2    Int: 10    God:
Gold:   82         SH:  0    Dex: 10    Spells: 0 memorised, 2 levels left

rFire  . . .     SeeInvis .     a - +0 war axe
rCold  . . .     Gourm    .     (armour currently unavailable)
rNeg   + + +     Faith    .     (no shield)
rPois  +         Spirit   .     (helmet currently unavailable)
rElec  .         Dismiss  .     (cloak currently unavailable)
rCorr  .         Reflect  .     (gloves currently unavailable)
SustAt .         Harm     .     (boots currently unavailable)
MR     .....     NoTele   +     (no amulet)
Stlth  ++........               (no ring)
                                q - ring of stealth

@: brilliant, lethally poisoned (0 -> -12), tree-form, slowed, drained, very
slow, not resistant to hostile enchantments, unstealthy
A: (retaliatory headbutt), (horns 0)
a: no special abilities


You were on level 2 of the Dungeon.
You were hungry.
You were a tree.
You visited 1 branch of the dungeon, and saw 2 of its levels.

You collected 82 gold pieces.

Inventory:

Hand Weapons
 a - a +0 war axe (weapon)
Missiles
 d - 3 throwing nets (quivered)
Armour
 b - a +0 leather armour
 c - a +0 hat (melded)
 p - a +0 chain mail
 v - a cursed +0 scale mail (melded)
Jewellery
 q - a ring of stealth (left branch)
Scrolls
 e - 2 scrolls of enchant weapon {unknown}
 g - a scroll of immolation {unknown}
 i - a scroll of identify {unknown}
 k - a scroll of noise {unknown}
 l - a scroll of random uselessness {unknown}
 o - 2 scrolls of recharging {unknown}
 r - a scroll of teleportation {unknown}
 u - a scroll of magic mapping {unknown}
Potions
 m - a potion of resistance {unknown}
 n - 2 potions of lignification
 s - a potion of invisibility {unknown}
 w - a potion of cancellation {unknown}
 x - 2 potions of degeneration {unknown}
Comestibles
 f - 2 bread rations
 j - a meat ration
 t - a slice of pizza


   Skills:
 + Level 3.2(2.9) Fighting
 + Level 4.9(4.6) Axes
 - Level 2.0(1.7) Throwing
 * Level 2.0(1.7) Armour
 - Level 3.2(3.0) Dodging


You had 2 spell levels left.
You didn't know any spells.

Dungeon Overview and Level Annotations

Branches:
Dungeon (2/15)

Altars:
Elyvilon

Annotations:
D:2 Crazy Yiuf


Innate Abilities, Weirdness & Mutations

((You reflexively headbutt those who attack you in melee.))
((You have a pair of horns on your head.))


Message History

Crazy Yiuf is severely wounded.
You feel sick.
Crazy Yiuf hits you with a quarterstaff of chaos.
You feel drained.
Crazy Yiuf says, "Tosser high shoe!"
Crazy Yiuf hits you with a quarterstaff of chaos.
Space warps horribly around you!
* * * LOW HITPOINT WARNING * * *
It was a potion of lignification.
You turn into a tree.
Your +0 hat melds into your body.
Your cursed +0 scale mail melds into your body.
Your roots penetrate the ground.
* * * LOW HITPOINT WARNING * * *
You feel sick.
Crazy Yiuf hits you with a quarterstaff of chaos.
* * * LOW HITPOINT WARNING * * *
You are more poisoned.
It was a potion of brilliance.
You feel clever all of a sudden.
You die...

#.....([...##.....#.#
#.#####.#
...#.....############
#...#...# #).####.##
###.#.#.# #..# #.#
##### #...#.# #.†#
#.# #..)# #####.#
...####.#### #...#
########>..#
#......#...# ...
#........###
#######.#### #g#
###........#
........# ♣♣♣♣
###†####.#.#
.######## ♣.♣♣ #...#
#.#.# .# ♣♣.♣ ##..#
#.# # .# ♣.♣♣ #..#
#.# .# ♣♣.♣♣
##..####.# (# ♣...♣♣
#.....(... .# ♣....♣
#........# .# #....#
##..####.# .#
##..#####........#


You could see Crazy Yiuf.

Vanquished Creatures
  An adder (D:2)
  An ooze (D:1)
  A worm (D:2)
  2 dart slugs
  A giant gecko (D:2)
  2 giant cockroaches (D:1)
  6 goblins
  4 hobgoblins
  2 jackals (D:2)
  6 kobolds
  2 ball pythons
  6 bats
  5 giant newts
  6 rats
45 creatures vanquished.

Notes
Turn   | Place    | Note
--------------------------------------------------------------
     0 | D:1      | manyhoops the Minotaur Gladiator began the quest for the Orb.
     0 | D:1      | Reached XP level 1. HP: 18/18 MP: 0/0
    61 | D:1      | Reached skill level 1 in Armour
    78 | D:1      | Reached XP level 2. HP: 25/25 MP: 1/1
   140 | D:1      | Reached skill level 4 in Axes
   304 | D:1      | Found a white marble altar of Elyvilon.
   498 | D:1      | Reached XP level 3. HP: 31/31 MP: 2/2
  1028 | D:2      | Noticed Crazy Yiuf
  1037 | D:2      | HP: 2/46 [poisoned by Crazy Yiuf]
  1038 | D:2      | Succumbed to Crazy Yiuf's poison

Skill      XL: |  1  2  3 |
---------------+----------+-----
Armour         | 1 2 |  2.0
Axes           | 4 |  4.9
Fighting       | 3 |  3.2
Throwing       | |  2.0
Dodging        | |  3.2

Action                   || total
-------------------------++-------
Melee: War axe           ||    84
       Headbutt          ||    12
  Use: Potion            ||     2
Armor: Leather armour    ||     9
       Chain mail        ||    15
       Scale mail        ||     6
Dodge: Dodged            ||    60
